 Dungeon Crawl Stone Soup version 0.30-a0-782-ge64f9170bb (webtiles) character file.

Game seed: 5444681128261906373

2024 Barriton the Destroyer (level 9, 0/68 HPs)
             Began as a Black Draconian Conjurer on Mar 13, 2023.
             Slain by a troll (3 damage)
             ... on level 9 of the Dungeon.
             The game lasted 00:12:38 (6587 turns).

Barriton the Destroyer (Black Draconian Conjurer)   Turns: 6587, Time: 00:12:38

Health: 0/68       AC: 11    Str:  7    XL:     9   Next: 3%
Magic:  14/27      EV: 12    Int: 25    God:
Gold:   319        SH:  5    Dex: 10    Spells: 17/20 levels left

rFire   + + .      SeeInvis .    m - +6 demon trident of Destiny {venom, rElec rC+ Str-3 Int+3}
rCold   + . .      Faith    .    (no shield)
rNeg    . . .      Spirit   .    (body armour unavailable)
rPois   +          Reflect  +    a - +1 hat
rElec   +          Harm     .    (no cloak)
rCorr   +          Rampage  .    l - +2 pair of gloves
Will    .....                    (no boots)
Stlth   ++                       t - amulet of reflection
HPRegen 0.31/turn                c - ring of fire
MPRegen 0.20/turn                h - ring of magical power

@: resistant
A: breathe lightning, AC +7, unfitting armour, electricity resistance,
cold-blooded
a: Breathe Lightning


You were on level 9 of the Dungeon.
You visited 2 branches of the dungeon, and saw 8 of its levels.

You collected 379 gold pieces.
You spent 60 gold pieces at shops.

Inventory:

Hand Weapons
 m - the +6 demon trident of Destiny (weapon) {venom, rElec rC+ Str-3 Int+3}
   (You acquired it on level 3 of the Dungeon)

   Str:       It affects your strength (-3).
   Int:       It affects your intelligence (+3).
   rC:        It protects you from cold.
   rElec:     It insulates you from electricity.
Missiles
 p - 3 throwing nets
Armour
 a - a +1 hat (worn)
 l - a +2 pair of gloves (worn)
Jewellery
 c - a ring of fire (left hand)
 h - a ring of magical power (right hand)
 k - a +6 ring of strength
 n - an amulet of faith
 t - an amulet of reflection (around neck)
 v - a ring of protection from cold
Wands
 u - a wand of polymorph (4)
Scrolls
 i - 3 scrolls of identify
 j - 6 scrolls of teleportation
 q - a scroll of blinking
 s - a scroll of enchant weapon
 w - 4 scrolls of fog {unknown}
 x - a scroll of poison {unknown}
 y - a scroll of amnesia {unknown}
Potions
 d - 2 potions of attraction
 e - 2 potions of degeneration
 f - a potion of resistance
 g - 2 potions of curing
 o - 4 potions of flight
 r - 2 potions of lignification


   Skills:
 + Level 2.8 Fighting
 + Level 3.6(3.9) Polearms
 - Level 2.2(3.2) Staves
 + Level 3.7 Dodging
 - Level 1.9 Stealth
 + Level 0.7 Shields
 - Level 0.4 Unarmed Combat
 + Level 6.3 Spellcasting
 * Level 8.1 Conjurations


You had 17 spell levels left.
You knew the following spells:

 Your Spells              Type           Power      Damage    Failure   Level
a - Magic Dart            Conj           100%       1d8       1%          1
b - Searing Ray           Conj           96%        2d7       1%          2

Your spell library contained the following spells:

 Spells                   Type           Power      Damage    Failure   Level
 Dazzling Flash           Conj/Hex       56%        N/A       4%          3
 Necrotise                Necr           28%        1d5       7%          1
 Mephitic Cloud           Conj/Pois/Air  21%        N/A       7%          3
 Cigotuvi's Dreadful Rot  Necr/Pois/Air  14%        N/A       11%         2
 Poisonous Vapours        Pois/Air       14%        N/A       11%         2
 Fulminant Prism          Conj/Hex       14%        3d9       14%         4
 Iskenderun's Mystic Bla  Conj/Tloc      28%        2d7       14%         4
 Vampiric Draining        Necr           7%         2d6       22%         3
 Agony                    Necr           7%         N/A       89%         5


Dungeon Overview and Level Annotations

Branches:
Dungeon (6/15)             Temple (1/1) D:4

Altars:
Ashenzari
Cheibriados
Dithmenos
Elyvilon
Fedhas
Gozag
Hepliaklqana
Makhleb
Nemelex Xobeh
Okawaru
Qazlal
Ru
Sif Muna
Trog
Uskayaw
Vehumet
Xom
Yredelemnul
Zin
The Shining One

Shops:
D:2 ?:((!


Innate Abilities, Weirdness & Mutations

You can breathe wild blasts of lightning.
Your glossy black scales are hard. (AC +7)
You cannot fit into any form of body armour.
You are resistant to electric shocks. (rElec)
You are cold-blooded and may be slowed by cold attacks.


Message History

The troll closely misses you. The troll claws you but does no damage.
The troll barely misses you.
The searing ray hits the troll.
The troll is heavily wounded.
You finish channelling your searing ray.
The troll bites you!
* * * LOW HITPOINT WARNING * * *
The troll claws you.
* * * LOW HITPOINT WARNING * * *
The troll claws you.
* * * LOW HITPOINT WARNING * * *
You feel much better. The troll barely misses you.
The troll claws you but does no damage. x2
The troll attacks as you move away! The troll barely misses you.
The troll closely misses you. The troll claws you.
There is an open door here.
The troll attacks as you move away! The troll bites you!
* * * LOW HITPOINT WARNING * * *
You block the troll's attack. The troll claws you.
* * * LOW HITPOINT WARNING * * *
You feel protected. The troll bites you but does no damage.
The troll barely misses you. The troll claws you.
* * * LOW HITPOINT WARNING * * *
Okay, then.
Casting: Searing Ray (safe; 1% risk of failure)
Confirm with . or Enter, or press ? or * to list all spells.
Aiming: Searing Ray (safe; 1% risk of failure)
Press: ? - help, Shift-Dir - straight line, f/p - troll
Aim: a troll (moderately wounded, 83% to hit)
The searing ray hits the troll!
The troll is heavily wounded. (Press . to maintain the ray.)
The troll bites you but does no damage. The troll barely misses you.
The troll claws you!
* * * LOW HITPOINT WARNING * * *
The searing ray hits the troll.
The troll is heavily wounded.
The troll bites you.
You die...

...........# #...
...........# ###### #..
...........#####....###
...........)))........##
........##########.....###
##......#..)))...#.......##
#......#.#'####.'........#
##.....#.#....#T#........#
#.....#)#.)..#@#........#
#.....#.#..[.#.#........#
##....#.#....#.#..........
####.'.####+#.#.........##
#.#........#......####
#.##########...#### #.. ##.
..


You could see a troll.

Vanquished Creatures
  3 yaks (D:9)
  Edmund (D:6)
  2 orc warriors (D:9)
  A sky beast (D:6)
  An ice beast (D:5)
  A black bear (D:4)
  A centaur (D:9)
  The ghost of jazmu the Shooter, an amateur GrHu (D:3)
  A necrophage (D:6)
  A gnoll sergeant (D:9)
  A scorpion (D:5)
  5 hounds
  3 orc priests
  A jelly (D:6)
  A gnoll bouda (D:5)
  3 iguanas
  7 gnolls
  10 adders
  A white imp (D:6)
  2 worms
  6 dart slugs
  21 orcs
  5 endoplasms
  3 giant cockroaches
  6 goblins
  10 hobgoblins
  5 kobolds
  3 quokkas
  7 ball pythons
  5 bats
  A frilled lizard (D:1)
  5 rats
124 creatures vanquished.

Notes
Turn   | Place    | Note
-------+----------+-------------------------------------------
     0 | D:1      | Barriton the Draconian Conjurer began the quest for the
                  | Orb.
     0 | D:1      | Reached XP level 1. HP: 14/14 MP: 3/3
   300 | D:1      | Reached XP level 2. HP: 18/20 MP: 0/5
  1019 | D:2      | Found Pepafua's Book Shop.
  1111 | D:2      | Reached XP level 3. HP: 26/26 MP: 1/6
  1218 | D:2      | Found Leuf's Antique Weapon Boutique.
  1219 | D:2      | Found Camix's Weapon Shoppe.
  1291 | D:2      | Found a sparkling altar of Nemelex Xobeh.
  1549 | D:2      | Found Lasseola's Magic Scroll Shoppe.
  1557 | D:2      | Bought a scroll of identify for 20 gold pieces
  1557 | D:2      | Bought a scroll of identify for 20 gold pieces
  1557 | D:2      | Bought a scroll of identify for 20 gold pieces
  1583 | D:2      | Found a faded altar of an unknown god.
  1830 | D:2      | Found Didal's Distillery.
  1954 | D:3      | Found an opulent altar of Gozag.
  2091 | D:3      | Found a shimmering altar of Xom.
  2117 | D:3      | Reached XP level 4. HP: 33/33 MP: 3/8
  2352 | D:3      | Noticed an air elemental
  2353 | D:3      | Found a stormy altar of Qazlal.
  2355 | D:3      | Noticed an earth elemental
  2356 | D:3      | Noticed a water elemental
  2356 | D:3      | Noticed a fire elemental
  2382 | D:3      | Reached skill level 5 in Conjurations
  2396 | D:3      | Learned a level 2 spell: Searing Ray
  2531 | D:3      | Found a runed translucent gate.
  2533 | D:3      | Found a runed translucent gate.
  2534 | D:3      | Noticed jazmu's ghost (amateur GrHu)
  2536 | D:3      | Found a runed translucent gate.
  2548 | D:3      | Identified the +3 ring mail of the Sky {Int+9}
  2711 | D:3      | Reached skill level 1 in Staves
  2711 | D:3      | Reached XP level 5. HP: 38/38 MP: 5/9
  2784 | D:3      | Found a glowing golden altar of the Shining One.
  2793 | D:3      | Found a hazy altar of Hepliaklqana.
  3277 | D:3      | Identified a scroll of acquirement
  3277 | D:3      | Acquired the +6 demon trident of Destiny {venom, rElec rC+
                  | Str-3 Int+3}
  3358 | D:3      | Killed jazmu's ghost
  3439 | D:3      | Reached XP level 6. HP: 13/45 MP: 0/11
  4299 | D:4      | Reached skill level 6 in Conjurations
  4380 | D:4      | Found a staircase to the Ecumenical Temple.
  4642 | Temple   | Entered the Ecumenical Temple
  4734 | D:5      | Entered Level 5 of the Dungeon
  4741 | D:5      | Reached skill level 1 in Polearms
  4741 | D:5      | Your scales start taking on a glossy black colour.
  4741 | D:5      | Reached XP level 7. HP: 51/51 MP: 13/13
  4741 | D:5      | Gained mutation: You are resistant to electric shocks.
                  | (rElec) [Black Draconian growth]
  4986 | D:5      | Reached skill level 1 in Fighting
  5184 | D:5      | Found a sparkling altar of Nemelex Xobeh.
  5742 | D:6      | Reached skill level 5 in Spellcasting
  5831 | D:6      | Found a bloodstained altar of Trog.
  6007 | D:6      | Reached XP level 8. HP: 60/60 MP: 16/16
  6114 | D:6      | Noticed Edmund
  6128 | D:6      | Killed Edmund
  6129 | D:6      | Reached skill level 7 in Conjurations
  6241 | D:6      | You fall into a shaft and drop 3 floors!
  6510 | D:9      | Reached skill level 8 in Conjurations
  6513 | D:9      | Reached XP level 9. HP: 6/68 MP: 8/18
  6566 | D:9      | Noticed a troll
  6586 | D:9      | HP: 3/68 [troll (7)]
  6587 | D:9      | Slain by a troll

Illustrated notes

Levels and vault maps discovered:
D:1:      scummos_arrival_simple_crosswalls, layout_basic
D:2:      layout_basic, basic_altar, serial_shops, nicolae_shop_hallway_stairs,
          nicolae_shop_crystal, nicolae_shop_temple_entry_statues_fountains,
          nicolae_shop_hallway_stairs, nicolae_shop_window_shopping,
          shapermc_ecumenical_altar_notcrosses
D:3:      minmay_angry_zag, layout_loops_ring,
          mainiacjoe_overflow_catwalk_spiral, nicolae_qazlal_style_of_elements,
          mainiacjoe_overflow_swirl, biasface_ghost_orc_armoury,
          kennysheep_path_1
D:4:      layout_loops_cross, minmay_temple_entry_mist, minmay_crystal_water,
          kennysheep_decorative_pillar
D:5:      layout_loops_ring, nemelex_diamond_rough_becter
D:6:      layout_loops_ring, mainiacjoe_overflow_tiny_flanked, uniq_edmund
D:9:      layout_cave_pods, dpeg_lair_monsters, orc_david_3, minivault_25_ag,
          uniq_maurice
Temple:   eino_wide_crystal_templ

Skill      XL: |  1  2  3  4  5  6  7  8 |
---------------+-------------------------+-----
Dodging        | 2 3 |  3.7
Spellcasting   | 3 4 5 6 |  6.3
Conjurations   | 5 6 8 |  8.1
Staves         | 1 2 |  2.2
Polearms       | 1 2 3 |  3.6
Fighting       | 1 2 |  2.8
Stealth        | |  1.9
Shields        | |  0.7
Unarmed Combat | |  0.4

Action                     |  1- 3 |  4- 6 |  7- 9 || total
---------------------------+-------+-------+-------++-------
  Melee: Unarmed           |    13 |       |       ||    13
         Tailslap          |     5 |     1 |       ||     6
         Quarterstaff      |    10 |    10 |       ||    20
         Demon trident     |       |    18 |    12 ||    30
         Punch             |       |     1 |       ||     1
   Cast: Magic Dart        |    78 |    85 |    60 ||   223
         Searing Ray       |       |     8 |    26 ||    34
Ability: Breathe Lightning |       |       |     1 ||     1
    Use: Scroll            |     8 |     5 |     1 ||    14
         Potion            |       |     1 |     2 ||     3
   Stab: Sleeping          |       |       |     1 ||     1
 Armour: Skin              |     6 |    15 |    25 ||    46
  Dodge: Dodged            |    13 |    34 |    39 ||    86
  Block: Other             |       |       |    14 ||    14
         Reflection        |       |       |     1 ||     1

Table legend: (Time is in decaauts)
 A = Elapsed time spent in this place.
 B = Non-inter-level travel time spent in this place.
 C = Inter-level travel time spent in this place.
 D = Time resting spent in this place.
 E = Time spent auto-exploring this place.
 F = Levels seen in this place.
 G = Mean time per level.
                   A        B        C        D        E       F      G
               +--------+--------+--------+--------+--------+-----+--------+
         Total |   6603 |   6407 |    196 |      0 |   5558 |   8 |  825.4 |
       Dungeon |   6530 |   6365 |    165 |      0 |   5527 |   7 |  932.9 |
        Temple |     72 |     41 |     31 |      0 |     31 |   1 |   72.0 |
               +--------+--------+--------+--------+--------+-----+--------+

Top non-repeatable levels by time:
     D:3: 1663 daAuts
     D:4: 1096 daAuts
     D:1: 1021 daAuts
     D:5: 895 daAuts
     D:2: 895 daAuts
     D:6: 613 daAuts
     D:9: 346 daAuts
  Temple: 72 daAuts
